 Dungeon Crawl Stone Soup version 0.24.0-1-gfbc8707122 (webtiles) character file.

Game seed: 1991919585401581792, levelgen mode: deterministic

246024 ChadusMaximus the Executioner (level 18, -20/173 HPs)
             Began as a Minotaur Berserker on Oct 25, 2019.
             Was a High Priest of Trog.
             Killed from afar by a ghostly deep elf elementalist (37 damage)
             ... with a fireball
             ... on level 3 of the Elven Halls on Oct 26, 2019.
             The game lasted 01:55:18 (41068 turns).

ChadusMaximus the Executioner (Minotaur Berserker) Turns: 41068, Time: 01:55:19

Health: -20/173    AC: 31    Str: 35    XL:     18   Next: 78%
Magic:  17/17      EV: 13    Int:  6    God:    Trog [*****.]
Gold:   2082       SH: 33    Dex: 15    Spells: 17/17 levels left

rFire    . . .     SeeInvis +   J - +8 mithril axe "Arga" {speed, MR+}
rCold    . . .     Gourm    .   B - +8 large shield
rNeg     . . .     Faith    +   a - +11 chain mail of the Loofah {Dex+3}
rPois    +         Spirit   .   p - +0 mask of the Dragon {MR+ Slay+3 SInv}
rElec    .         Reflect  .   t - +0 cloak
rCorr    .         Harm     .   G - +2 pair of gloves
MR       +++..     Rnd*Rage +   e - +0 pair of boots
Stlth    ..........             I - amulet of faith
HPRegen  0.38/turn              F - ring of poison resistance (curse)
MPRegen  0.15/turn              l - +5 ring of strength

@: about to teleport, berserk cooldown, very slightly contaminated, slowed,
lightly drained, very slow
A: retaliatory headbutt, horns 2, thin skeletal structure 1, berserk 1, clever 1
}: 2/15 runes: decaying, gossamer
a: Berserk, Trog's Hand, Brothers in Arms, Renounce Religion


You were on level 3 of the Elven Halls.
You worshipped Trog.
Trog was extremely pleased with you.
You were not hungry.

You visited 6 branches of the dungeon, and saw 34 of its levels.

You collected 3193 gold pieces.
You spent 1111 gold pieces at shops.

Inventory:

Hand Weapons
 y - a +0 long sword
 J - the +8 mithril axe "Arga" (weapon) {speed, MR+}
   (Trog gifted it to you on level 13 of the Dungeon)

   Attacks with this weapon are significantly faster.
   It affects your resistance to hostile enchantments.
Missiles
 X - 5 silver boomerangs (quivered)
Armour
 a - the +11 chain mail of the Loofah (worn) {Dex+3}
   (You found it on level 9 of the Dungeon)

   It affects your dexterity (+3).
 e - a +0 pair of boots (worn)
 p - the +0 mask of the Dragon (worn) {MR+ Slay+3 SInv}
   (You bought it in a shop on level 1 of the Elven Halls)

   It affects your accuracy and damage with ranged weapons and melee attacks
   (+3).
   It affects your resistance to hostile enchantments.
   It lets you see invisible.
 t - a +0 cloak (worn)
 B - a +8 large shield (worn)
 G - a +2 pair of gloves (worn)
Jewellery
 l - a +5 ring of strength (right hand)
 v - a +4 ring of strength
 F - a cursed ring of poison resistance (left hand)
 I - an amulet of faith (around neck)
 S - a +5 ring of evasion
Wands
 b - a wand of disintegration (18)
 d - a wand of paralysis (15)
 w - a wand of polymorph (25)
 K - a wand of scattershot (1)
 T - a wand of digging (16)
 U - a wand of enslavement (4)
 W - a wand of clouds (2)
Scrolls
 f - 3 scrolls of blinking
 g - 3 scrolls of fear
 m - 11 scrolls of teleportation
 o - 10 scrolls of remove curse
 r - 5 scrolls of immolation
 s - 2 scrolls of silence
 L - 3 scrolls of summoning
 M - a scroll of torment
 O - a scroll of holy word
 P - a scroll of brand weapon
 Q - 5 scrolls of enchant weapon
 R - 2 scrolls of vulnerability
 Y - a scroll of identify
 Z - 4 scrolls of magic mapping
Potions
 h - 3 potions of agility
 i - 7 potions of berserk rage
 k - 2 potions of resistance
 n - 13 potions of curing
 q - 3 potions of brilliance
 u - 7 potions of heal wounds
 x - 3 potions of haste
 z - 2 potions of lignification
 A - a potion of cancellation
 D - 5 potions of might
 E - 3 potions of ambrosia
 H - a potion of invisibility
 V - a potion of flight
Miscellaneous
 j - a lightning rod (4/4)
 C - a crystal ball of energy
Comestibles
 c - 29 rations


   Skills:
 + Level 18.4(17.7) Fighting
 + Level 21.5(20.7) Axes
 + Level 1.4(0.9) Throwing
 + Level 15.2(14.4) Armour
 + Level 7.9(7.3) Dodging
 + Level 3.3(2.8) Stealth
 + Level 20.5(19.7) Shields
 + Level 1.1(0.6) Unarmed Combat
 + Level 1.0(0.5) Evocations


You had 17 spell levels left.
You didn't know any spells.
Your spell library contained the following spells:

 Spells                   Type           Power        Failure   Level  Hunger
 Corona                   Hex            #......      95%         1    ##.....
 Freeze                   Ice            #...         95%         1    ##.....
 Pain                     Necr           #...         95%         1    ##.....
 Ensorcelled Hibernation  Hex/Ice        #.....       99%         2    ###....
 Throw Frost              Conj/Ice       #.....       99%         2    ###....
 Confuse                  Hex            #.......     100%        3    ####...
 Dazzling Spray           Conj/Hex       #.....       100%        3    ####...
 Tukima's Dance           Hex            #.......     100%        3    ####...
 Animate Dead             Necr           N/A          100%        4    #####..
 Summon Ice Beast         Ice/Summ       #.......     100%        4    #####..
 Summon Lightning Spire   Summ/Air       #.......     100%        4    #####..
 Bolt of Magma            Conj/Fire/Erth #.........   100%        5    ######.
 Dispel Undead            Necr           #.......     100%        5    ######.
 Iskenderun's Battlesphe  Conj/Chrm      #.......     100%        5    ######.
 Metabolic Englaciation   Hex/Ice        #.........   100%        5    ######.
 Silence                  Hex/Air        #.........   100%        5    ######.
 Venom Bolt               Conj/Pois      #.........   100%        5    ######.
 Conjure Ball Lightning   Conj/Air       #.........   100%        6    #######
 Death Channel            Necr           #.........   100%        6    #######
 Deflect Missiles         Chrm/Air       #.........   100%        6    #######
 Iron Shot                Conj/Erth      #.........   100%        6    #######
 Orb of Destruction       Conj           #.........   100%        7    #######
 Spellforged Servitor     Conj/Summ      #.........   100%        7    #######
 Ignition                 Fire           #.........   100%        8    #######
 Tornado                  Air            #.........   100%        9    #######


Dungeon Overview and Level Annotations

Branches:
Dungeon (15/15)            Temple (0/1) D:7            Lair (6/6) D:9
  Swamp (4/4) Lair:2       Spider (4/4) Lair:2        Slime (0/5) Lair:6
    Orc (2/2) D:9             Elf (3/3) Orc:2        Vaults (0/5) D:13
 Depths (0/5) D:15

Altars:
Cheibriados
Elyvilon
Kikubaaqudgha
Qazlal
Ru
Trog
Uskayaw
Vehumet
Wu Jian
Yredelemnul
Beogh
Jiyva

Shops:
D:5 *[*:   D:8 :   Orc:2 =?}}=   Elf:1 [


Innate Abilities, Weirdness & Mutations

You reflexively headbutt those who attack you in melee.
You have a pair of horns on your head.
You have a somewhat thin skeletal structure. (Dex +2, Stealth)
You tend to lose your temper in combat.
Your mind is acute. (Int +2)


Message History

The ghostly deep elf death mage draws life force from you and is healed!
The ghostly deep elf elementalist closely misses you.
The deep elf annihilator gestures wildly while chanting.
The deep elf annihilator blinks!
You block the ghostly deep elf death mage's attack.
Blink to where?
Press: ? - help, Dir - move target cursor You are very lightly contaminated with residual magic.
As you read the scroll of blinking, it crumbles to dust.
The ghostly deep elf elementalist seems less brilliant.
The ghostly deep elf death mage seems less brilliant.
The ghostly deep elf death mage is empowered by something's aura!
The ghostly deep elf elementalist gestures at you while chanting.
The ghostly deep elf death mage beckons forth a restless soul!
The ghostly deep elf elementalist is empowered by something's aura!
As you read the scroll of teleportation, it crumbles to dust.
You feel strangely unstable.
You are engulfed in freezing vapours.
The ghostly deep elf elementalist points at you and mumbles some strange words.
The fireball explodes!
The fireball engulfs you!!!
You die...

#.............))..............
#.............................
#....................(........
#############.################
#)# ###.### ##.....##
###......^### #....☼@☼....#
#....○☼☼....# #....☼☼☼....#
#.......§...# #.........[.# .
#....*e.....# ..###..e....###
....##..e..## (.
.....###)###....


You could see a deep elf annihilator, a ghostly deep elf death mage, a ghostly
deep elf elementalist and a lost soul.

Vanquished Creatures
  A deep elf blademaster (Elf:2)
  2 deep elf master archers (Elf:3)
  A thorn hunter (Swamp:4)
  2 deep elf sorcerers (Elf:3)
  6 ghost moths
  8 emperor scorpions
  6 deep elf elementalists (Elf:3)
  7 entropy weavers
  A deep elf demonologist (Elf:3)
  2 deep elf annihilators (Elf:3)
  3 spark wasps
  2 deep elf death magi
  Snorg (D:13)
  A fire dragon (Lair:6)
  Josephine (Spider:1)
  Fannar (Lair:1)
  3 deep elf high priests (Elf:3)
  A centaur warrior (D:14)
  18 hydras
  A catoblepas (Lair:6)
  2 vault guards (D:13)
  Erica (D:7)
  A death knight (D:12)
  16 dancing weapons
  15 alligators
  6 death yaks (Lair:6)
  A queen ant (Spider:3)
  3 two-headed ogres
  A tengu warrior (D:13)
  2 large abominations (Elf:1)
  10 deep elf knights
  An unseen horror (D:15)
  A spriggan druid (Swamp:4)
  6 swamp dragons
  18 deep elf archers
  2 phantasmal warriors (D:12)
  Pikel (D:9)
  3 orc knights
  4 lindwurms
  14 orb spiders
  A necromancer (Elf:1)
  4 orc sorcerers
  25 wolf spiders
  2 moths of wrath
  2 ugly things
  39 deep elf magi
  14 elephants
  4 manticores
  A centaur zombie (D:10)
  Psyche (D:9)
  7 black mambas
  Maurice (D:8)
  3 gargoyles
  4 centaur skeletons
  2 molten gargoyles (Lair:6)
  3 rime drakes
  14 spiny frogs
  A freezing wraith (D:12)
  4 kobold demonologists
  8 komodo dragons
  An efreet (D:13)
  7 demonic crawlers
  A tengu conjurer (D:13)
  A queen bee (Spider:4)
  32 jumping spiders
  3 polar bears
  3 meliai (Spider:4)
  6 tyrant leeches
  2 trolls
  4 slime creatures (Swamp:1)
  4 bog bodies
  10 hornets
  9 hippogriffs
  A meliai zombie (D:11)
  4 blink frogs (Lair:4)
  3 shadows
  4 air elementals
  43 tarantellas
  3 vampires
  A spriggan (Swamp:4)
  Sigmund (D:5)
  85 redbacks
  11 humans
  9 basilisks
  7 wraiths
  A human (shapeshifter) (Elf:3)
  38 yaks
  2 fire elementals
  6 wyverns
  3 steam dragons
  A hungry ghost (D:9)
  12 vampire mosquitoes
  Menkaure (D:7)
  13 swamp worms
  16 insubstantial wisps
  4 soldier ants (Spider:3)
  2 wargs (Orc:1)
  Edmund (D:6)
  12 water moccasins
  3 hell hounds (Lair:6)
  10 porcupines
  8 swamp drakes
  5 ice beasts
  24 orc warriors
  5 sky beasts
  A necrophage (D:13)
  3 black bears
  An eye of draining (D:14)
  4 phantoms
  13 ogres
  19 centaurs
  8 crocodiles
  A big kobold (D:14)
  Blork the orc (D:5)
  2 elf zombies (Elf:1)
  7 bullfrogs
  4 earth elementals
  3 scorpions
  23 killer bees
  4 wights (D:10)
  8 electric eels
  8 crimson imps
  5 howler monkeys
  8 hounds
  5 lava snakes (Lair:6)
  8 jellies
  12 orc priests
  A quasit (D:9)
  3 bullfrog skeletons
  28 orc wizards
  A gnoll shaman (D:8)
  5 iguanas
  11 worker ants
  A hound skeleton (D:6)
  Robin (D:3)
  9 gnolls
  A howler monkey skeleton (D:9)
  11 adders
  3 shadow imps
  2 adder zombies
  3 worms (D:2)
  A dart slug (D:2)
  8 leopard geckos
  91 orcs
  7 bats
  8 giant cockroaches
  17 goblins
  8 hobgoblins
  10 jackals
  2 quokkas
  2 ball pythons
  3 frilled lizards
  A jackal skeleton (D:6)
  17 kobolds
  2 leopard gecko zombies (D:6)
  2 quokka zombies
  8 rats
  2 crawling corpses
  2 fungi
  3 plants
1160 creatures vanquished.

Vanquished Creatures (collateral kills)
  A ghost moth (Spider:4)
  A dire elephant (D:15)
  2 shambling mangroves (Swamp:4)
  4 hydras
  A dancing weapon (Elf:2)
  3 orc high priests (Orc:2)
  A deep elf knight (Elf:2)
  A spriggan druid (Swamp:4)
  4 swamp dragons (Swamp:4)
  2 orc knights (Orc:2)
  A manticore (D:15)
  4 ugly things (D:15)
  2 deep elf magi (Elf:2)
  A spiny frog (Swamp:4)
  3 hornets
  2 tyrant leeches (Swamp:4)
  A bog body (Swamp:4)
  A shadow (D:15)
  2 swamp worms (Swamp:4)
  7 insubstantial wisps (Swamp:4)
  3 swamp drakes (Swamp:4)
  An orc warrior (Orc:2)
  2 orc priests (Orc:2)
  2 orc wizards (Orc:2)
  An orc (D:15)
  A hobgoblin (D:15)
54 creatures vanquished.

Vanquished Creatures (others)
  A deep elf knight (Elf:3)
  3 redbacks
  2 slaves (D:9)
  2 orc wizards
  4 orcs (D:9)
  2 fungi (Lair:6)
  16 plants
30 creatures vanquished.

Grand Total: 1244 creatures vanquished

Notes
Turn   | Place    | Note
-------+----------+-------------------------------------------
     0 | D:1      | ChadusMaximus the Minotaur Berserker began the quest for
                  | the Orb.
     0 | D:1      | Reached XP level 1. HP: 19/19 MP: 0/0
   326 | D:1      | Reached XP level 2. HP: 27/27 MP: 1/1
   398 | D:1      | Reached skill level 4 in Axes
   516 | D:1      | You fall into a shaft and drop 1 floor!
   519 | D:2      | Reached XP level 3. HP: 25/33 MP: 2/2
   717 | D:2      | Reached ** piety under Trog
  1063 | D:1      | Reached skill level 5 in Axes
  1063 | D:1      | Reached XP level 4. HP: 33/41 MP: 3/3
  1464 | D:3      | Reached XP level 5. HP: 27/47 MP: 4/4
  1801 | D:3      | Reached skill level 6 in Axes
  1813 | D:3      | Reached skill level 1 in Stealth
  1913 | D:3      | Noticed an ogre
  1923 | D:3      | Killed an ogre
  1923 | D:3      | Reached skill level 7 in Axes
  1923 | D:3      | Reached XP level 6. HP: 54/55 MP: 5/5
  1952 | D:3      | Reached *** piety under Trog
  2037 | D:3      | Noticed Robin
  2050 | D:3      | Killed Robin
  2106 | D:3      | Reached skill level 5 in Fighting
  2120 | D:3      | Found an ancient bone altar of Kikubaaqudgha.
  2428 | D:4      | Reached skill level 8 in Axes
  2428 | D:4      | Reached XP level 7. HP: 61/61 MP: 6/6
  2859 | D:5      | Entered Level 5 of the Dungeon
  2859 | D:5      | Noticed Blork the orc
  2869 | D:5      | Killed Blork the orc
  2878 | D:5      | Noticed Sigmund
  2888 | D:5      | Killed Sigmund
  2888 | D:5      | Reached skill level 9 in Axes
  2893 | D:5      | Reached XP level 8. HP: 69/70 MP: 7/7
  2933 | D:5      | Reached skill level 1 in Shields
  2944 | D:5      | Found Neumn's Armour Boutique.
  2946 | D:5      | Found Nife's General Store.
  3222 | D:5      | Reached skill level 5 in Armour
  3361 | D:5      | Found Duhan's Book Shop.
  3364 | D:5      | Reached **** piety under Trog
  3396 | D:5      | Found Isocess's Assorted Antiques.
  3515 | D:6      | Reached skill level 10 in Axes
  3554 | D:6      | Found a sacrificial altar of Ru.
  3565 | D:6      | Noticed Edmund
  3762 | D:6      | Reached XP level 9. HP: 72/79 MP: 8/8
  3804 | D:6      | Noticed a cyan ugly thing
  3818 | D:6      | Killed a cyan ugly thing
  4020 | D:6      | Reached skill level 11 in Axes
  4020 | D:6      | Reached skill level 1 in Unarmed Combat
  4169 | D:6      | Found a hide-covered altar of Uskayaw.
  4343 | D:6      | Found a basalt altar of Yredelemnul.
  4822 | D:7      | Found a staircase to the Ecumenical Temple.
  4960 | D:7      | Noticed Menkaure
  4966 | D:7      | Reached skill level 5 in Shields
  4975 | D:7      | Killed Menkaure
  5766 | D:8      | Reached skill level 12 in Axes
  5771 | D:8      | Noticed Erica
  5777 | D:8      | Reached XP level 10. HP: 74/90 MP: 9/9
  5786 | D:7      | Killed Erica
  5786 | D:7      | Received a gift from Trog
  6025 | D:8      | Noticed Maurice
  6046 | D:8      | Killed Maurice
  6053 | D:8      | Found a white marble altar of Elyvilon.
  6399 | D:8      | Found Peata's Book Shoppe.
  6401 | D:8      | Noticed a soul eater
  6440 | D:8      | Noticed a smoke demon
  6460 | D:8      | Reached skill level 13 in Axes
  6464 | D:8      | Identified the +7 flail "Otuax" {crush, Dex+4}
  6649 | D:8      | Found an ornate altar of the Wu Jian Council.
  6828 | D:9      | Found a snail-covered altar of Cheibriados.
  6959 | D:9      | Found a stormy altar of Qazlal.
  7075 | D:9      | Noticed Pikel
  7112 | D:9      | Killed Pikel
  7361 | D:9      | Found a staircase to the Orcish Mines.
  7375 | Orc:1    | Entered Level 1 of the Orcish Mines
  7382 | Orc:1    | Reached XP level 11. HP: 84/97 MP: 10/10
  7387 | Orc:1    | Received a gift from Trog
  7459 | Orc:1    | Noticed an orc sorcerer
  7462 | Orc:1    | Paralysed by an orc sorcerer for 3 turns
  7471 | Orc:1    | Noticed a sixfirhy
  7476 | Orc:1    | Killed an orc sorcerer
  7675 | Orc:1    | Noticed an orc knight
  7690 | Orc:1    | Killed an orc knight
  8147 | Orc:1    | Found a roughly hewn altar of Beogh.
  8661 | Orc:2    | Entered Level 2 of the Orcish Mines
  8840 | Orc:2    | Found Omyczo Daho's Jewellery Boutique.
  8857 | Orc:2    | Bought a +4 ring of strength for 405 gold pieces
  8900 | Orc:2    | Reached ***** piety under Trog
  9027 | Orc:2    | Found a staircase to the Elven Halls.
  9221 | Orc:2    | Noticed an orc knight
  9226 | Orc:2    | Reached skill level 10 in Fighting
  9241 | Orc:2    | Killed an orc knight
  9241 | Orc:2    | Reached skill level 14 in Axes
  9292 | Orc:2    | Noticed an orc sorcerer
  9303 | Orc:2    | Noticed a sun demon
  9305 | Orc:2    | Killed an orc sorcerer
  9339 | Orc:2    | Noticed an orc high priest
  9340 | Orc:2    | Noticed an orc high priest
  9355 | Orc:2    | Noticed a soul eater
  9356 | Orc:2    | Killed an orc high priest
  9362 | Orc:2    | Killed an orc high priest
  9362 | Orc:2    | Received a gift from Trog
  9376 | Orc:2    | Noticed an orc knight
  9382 | Orc:2    | Killed an orc knight
  9390 | Orc:2    | Noticed an orc knight
  9390 | Orc:2    | Noticed an orc high priest
  9399 | Orc:2    | Noticed a sixfirhy
  9409 | Orc:2    | Noticed a sixfirhy
  9412 | Orc:2    | Killed an orc knight
  9416 | Orc:2    | Killed an orc high priest
  9427 | Orc:2    | Noticed an orc sorcerer
  9427 | Orc:2    | Noticed an orc knight
  9427 | Orc:2    | Noticed an orc sorcerer
  9452 | Orc:2    | Killed an orc sorcerer
  9457 | Orc:2    | Killed an orc sorcerer
  9461 | Orc:2    | Killed an orc knight
  9461 | Orc:2    | Reached skill level 10 in Shields
  9519 | Orc:2    | Found Ethap's Gadget Emporium.
  9519 | Orc:2    | Found Toah's Magic Scroll Boutique.
  9522 | Orc:2    | Found Omim's Jewellery Emporium.
  9522 | Orc:2    | Found Worghiassaiha's Gadget Boutique.
  9598 | Orc:2    | Bought a scroll of teleportation for 45 gold pieces
  9598 | Orc:2    | Bought a scroll of identify for 30 gold pieces
  9598 | Orc:2    | Bought a scroll of identify for 30 gold pieces
  9980 | Elf:1    | Entered Level 1 of the Elven Halls
  9982 | Elf:1    | Noticed a deep elf knight
  9984 | Elf:1    | Noticed a deep elf archer
  9988 | Elf:1    | Killed a deep elf knight
  9988 | Elf:1    | Noticed a deep elf knight
  9989 | Elf:1    | Noticed a deep elf mage
  9989 | Elf:1    | Noticed a deep elf knight
  9989 | Elf:1    | Noticed a deep elf mage
  9997 | Elf:1    | Killed a deep elf knight
  9998 | Elf:1    | Noticed a deep elf mage
 10002 | Elf:1    | Noticed a deep elf mage
 10008 | Elf:1    | Killed a deep elf knight
 10008 | Elf:1    | Reached skill level 15 in Axes
 10008 | Elf:1    | Reached XP level 12. HP: 98/108 MP: 11/11
 10678 | D:9      | Noticed Psyche
 10683 | D:9      | Killed Psyche
 10700 | D:9      | Reached skill level 10 in Armour
 10732 | D:9      | Found a staircase to the Lair.
 10882 | D:9      | Reached skill level 5 in Dodging
 11173 | D:9      | Got a pitted chain mail
 11185 | D:9      | Identified the +11 chain mail of the Loofah {Dex+3} (You
                  | found it on level 9 of the Dungeon)
 11229 | D:10     | Entered Level 10 of the Dungeon
 11518 | D:10     | Found a bloodstained altar of Trog.
 12313 | D:12     | Reached skill level 16 in Axes
 12907 | D:12     | Noticed a death knight
 12909 | D:12     | Reached XP level 13. HP: 117/117 MP: 12/12
 13673 | D:13     | Found a gate to the Vaults.
 13717 | D:13     | Noticed Snorg
 13722 | D:13     | Killed Snorg
 13836 | D:13     | Received a gift from Trog
 13837 | D:13     | Found the +8 mithril axe "Arga" {speed, MR+}
 14646 | D:14     | Reached skill level 17 in Axes
 15185 | D:15     | Entered Level 15 of the Dungeon
 15426 | D:15     | Reached XP level 14. HP: 120/129 MP: 13/13
 15687 | D:15     | Found a staircase to the Depths.
 16226 | Lair:1   | Entered Level 1 of the Lair of Beasts
 16241 | Lair:1   | Noticed Fannar
 16258 | Lair:1   | Killed Fannar
 16968 | Lair:2   | Found the +12 Vampire's Tooth {vamp}
 17050 | Lair:2   | Reached skill level 1 in Evocations
 17084 | Lair:2   | Found a hole to the Spider Nest.
 17197 | Lair:2   | Found a bloodstained altar of Trog.
 17670 | Lair:2   | Found a staircase to the Swamp.
 17791 | Lair:2   | Received a gift from Trog
 18053 | Lair:3   | Reached skill level 18 in Axes
 19569 | Lair:5   | Reached skill level 15 in Shields
 19867 | Lair:6   | Entered Level 6 of the Lair of Beasts
 19876 | Lair:6   | Found a staircase to the Slime Pits.
 19877 | Lair:6   | Found a viscous altar of Jiyva.
 20399 | Lair:6   | Reached XP level 15. HP: 139/139 MP: 14/14
 20417 | Lair:6   | Found a large runed translucent door.
 20496 | Lair:6   | Found a large runed translucent door.
 22508 | D:6      | Killed Edmund
 22846 | D:9      | Received a gift from Trog
 23190 | Elf:1    | Found a radiant altar of Vehumet.
 23274 | Elf:1    | Reached skill level 1 in Throwing
 23442 | Elf:1    | Found Boifa's Armour Shop.
 23472 | Elf:1    | Bought the +0 mask of the Dragon {MR+ Slay+3 SInv} for 601
                  | gold pieces
 23472 | Elf:1    | Found the +0 mask of the Dragon {MR+ Slay+3 SInv}
 24143 | Elf:1    | Reached skill level 15 in Fighting
 24143 | Elf:1    | Reached skill level 19 in Axes
 24240 | Elf:1    | Identified Ruliuj's Almanac of Black Rituals
 24446 | Elf:2    | Received a gift from Trog
 25097 | Elf:2    | Received a gift from Trog
 25207 | Elf:2    | Found a runed translucent gate.
 25207 | Elf:2    | Found a runed translucent gate.
 25207 | Elf:2    | Found a runed translucent gate.
 25424 | Elf:2    | Reached XP level 16. HP: 118/149 MP: 15/15
 25513 | Elf:2    | Noticed a deep elf blademaster
 25543 | Elf:2    | Killed a deep elf blademaster
 26172 | Elf:3    | Entered Level 3 of the Elven Halls
 26470 | Elf:3    | Found an ancient bone altar of Kikubaaqudgha.
 26520 | Elf:3    | Received a gift from Trog
 26686 | Elf:3    | Noticed a deep elf blademaster
 26686 | Elf:3    | Noticed a deep elf blademaster
 29602 | Spider:1 | Entered Level 1 of the Spider Nest
 29722 | Spider:1 | Noticed Josephine
 29735 | Spider:1 | Killed Josephine
 29903 | Spider:1 | Reached skill level 20 in Axes
 30484 | Spider:1 | Got a twisted falchion
 30485 | Spider:1 | Identified the +8 falchion of Crystal {vamp, rPois rF++
                  | Dex-4} (You found it on level 1 of the Spider Nest)
 30559 | Spider:2 | Received a gift from Trog
 30586 | Spider:2 | Identified a scroll of acquirement
 31814 | Spider:3 | Reached XP level 17. HP: 160/160 MP: 16/16
 31940 | Spider:3 | Received a gift from Trog
 32311 | Spider:3 | Identified the Guide on Torrid Cold
 33027 | Spider:4 | Entered Level 4 of the Spider Nest
 33143 | Spider:4 | Received a gift from Trog
 33744 | Spider:4 | Got smoking gold dragon scales
 33757 | Spider:4 | Identified the +3 gold dragon scales of the Evening {+Fly
                  | rPois rF+ rC+ rCorr} (You acquired it on level 4 of the
                  | Spider Nest)
 33794 | Spider:4 | Reached ****** piety under Trog
 34120 | Spider:4 | Received a gift from Trog
 34293 | Spider:4 | Got a gossamer rune of Zot
 34452 | Spider:4 | Got a crude battleaxe {god gift}
 34458 | Spider:4 | Identified the +8 battleaxe "Haullin" {chop, Str+4} (Trog
                  | gifted it to you on level 4 of the Spider Nest)
 35007 | Swamp:1  | Entered Level 1 of the Swamp
 35026 | Swamp:1  | Reached skill level 21 in Axes
 35935 | Swamp:1  | Reached XP level 18. HP: 171/171 MP: 17/17
 36478 | Swamp:2  | Received a gift from Trog
 36682 | Swamp:2  | Gained mutation: Your mind is acute. (Int +2) [potion of
                  | mutation]
 36682 | Swamp:2  | Gained mutation: You tend to lose your temper in combat.
                  | [potion of mutation]
 36682 | Swamp:2  | Gained mutation: You have a somewhat thin skeletal
                  | structure. (Dex +2, Stealth) [potion of mutation]
 37868 | Swamp:4  | Entered Level 4 of the Swamp
 38210 | Swamp:4  | Received a gift from Trog
 39286 | Swamp:4  | Got a decaying rune of Zot
 40616 | Elf:3    | Reached skill level 15 in Armour
 41027 | Elf:3    | Identified the +4 scythe of Discomfort {elec, Int+3}
 41068 | Elf:3    | Killed from afar by a ghostly deep elf elementalist

Levels and vault maps discovered:
D:1:      minmay_arrival_up_and_down, layout_loops_ring, minivault_11,
          kennysheep_boxes
D:2:      layout_loops_ring, st_stairs_13
D:3:      layout_basic, kiku_gazebo_pond_becter, hangedman_abyss_or_decor_stabs,
          corner_web_ring, uniq_robin
D:4:      layout_loops_ring, first_ration, chequers_serial_rivers_micro_c
D:5:      layout_rooms, serial_shops, kennysheep_mini, shop_fountains,
          nicolae_shop_crystal, shop, uniq_sigmund, uniq_blork_the_orc
D:6:      layout_basic, eat_drink_and_be_merry_uskayaw, kennysheep_mini_moat,
          nicolae_overflow_crystal_walls, uniq_edmund
D:7:      layout_basic, minmay_temple_entry_statues_fountains,
          serial_bayou_pond_d, uniq_menkaure
D:8:      layout_rooms, old_standard_altar, lemuel_round_altar, serial_shops,
          shop, uniq_erica, uniq_maurice
D:9:      layout_roguey, overflow_temple_1_default, overflow_temple_1_default,
          lair_entry_dummy, erik_orc_2, uniq_psyche, uniq_pikel
D:10:     layout_roguey, basic_altar
D:11:     layout_roguey
D:12:     layout_grid_maze
D:13:     layout_loops_ring, ximxim_vaults_locker_room, uniq_snorg
D:14:     layout_irregular_city, serial_park_tiny_pond, grunt_livestock
D:15:     hangedman_depths_entry_try_elsewhere_first, layout_rooms,
          corexii_checkpoint_a
Lair:1:   layout_layer_cave, infiniplex_staircase_pool, lemuel_fruit_tree,
          uniq_fannar
Lair:2:   layout_chaotic_city, palyth_hydra_swamp_entry, spider_nest_entry_webs,
          basic_altar, ldierk_geyser
Lair:3:   layout_loops_ring
Lair:4:   layout_hall_layers
Lair:5:   beast_lair_carwin_large_2, layout_regular_city
Lair:6:   cheibrodos_lair_end_hotspot, layout_gridlike, slime_altar_1,
          lookout_lair_type
Swamp:1:  layout_falls_marsh, serial_swamp_ruin, hangedman_swamp_ruin_wall,
          evilmike_swamp_ruin_rubble_1, infiniplex_staircase_pool_2
Swamp:2:  layout_falls_marsh, nicolae_swamp_very_dense_foliage
Swamp:3:  layout_basic_swamp, evilmike_swamp_ruin_house_1
Swamp:4:  swamp_alternative, layout_basic_swamp
Spider:1: layout_spider_delve, uniq_josephine
Spider:2: layout_chambers
Spider:3: layout_spider_delve, nicolae_spider_ant_collections
Spider:4: spider_rune_water, nicolae_looking_at_the_future
Orc:1:    layout_diamond_mine, basic_altar, nicolae_orc_pool_cavern
Orc:2:    grunt_orc_tribal_feast, layout_diamond_mine, serial_shops,
          shop_fountains
Elf:1:    eino_elf_arrival_altar, layout_loops_ring, serial_shops, shop_coins,
          minmay_elf_necromancy
Elf:2:    layout_loops_corners
Elf:3:    minmay_elf_hall_hex, layout_onion_city, basic_altar

Skill      XL: |  1  2  3  4  5  6  7  8  9 10 11 12 13 14 15 16 17 18 |
---------------+-------------------------------------------------------+-----
Axes           | 4 5 7 8 9 10 12 13 15 16 17 18 19 20 21 | 21.5
Fighting       | 4 5 7 8 9 10 11 13 14 15 16 17 18 | 18.4
Stealth        | 1 2 3 |  3.3
Armour         | 3 4 6 7 8 9 10 11 13 14 15 | 15.2
Dodging        | 3 4 5 6 7 |  7.9
Shields        | 2 5 8 10 11 13 15 16 17 19 20 | 20.5
Unarmed Combat | 1 |  1.1
Evocations     | 1 |  1.0
Throwing       | 1 |  1.4

Action                   |  1- 3 |  4- 6 |  7- 9 | 10-12 | 13-15 | 16-18 || total
-------------------------+-------+-------+-------+-------+-------+-------++-------
Melee: Hand axe          |    34 |       |       |       |       |       ||    34
       Headbutt          |    14 |    25 |    57 |   165 |   276 |   267 ||   804
       War axe           |    34 |   106 |   312 |   703 |   101 |       ||  1256
       Unarmed           |       |       |     9 |       |       |       ||     9
       Broad axe         |       |       |       |       |   761 |  1065 ||  1826
Throw: Boomerang         |       |       |       |       |     8 |       ||     8
Invok: Berserk           |       |     2 |     4 |    12 |     3 |    11 ||    32
       Trog's Hand       |       |     2 |     5 |    18 |     8 |    29 ||    62
       Brothers in Arms  |       |       |       |     3 |     2 |    10 ||    15
Evoke: Wand              |       |       |       |       |     2 |       ||     2
  Use: Scroll            |       |       |    14 |    14 |    10 |    18 ||    56
       Potion            |       |       |       |       |       |     3 ||     3
 Stab: Sleeping          |     3 |       |       |       |       |       ||     3
       Held in net/web   |       |       |       |       |       |     2 ||     2
       Distracted        |       |       |       |       |       |     2 ||     2
  Eat: Chunk             |       |     4 |    15 |    28 |    27 |    14 ||    88
       Ration            |       |     1 |       |     5 |     6 |    18 ||    30
Armor: Animal skin       |     8 |     5 |       |       |       |       ||    13
       Chain mail        |       |    42 |   122 |   217 |   232 |   310 ||   923
       Skin              |       |       |     1 |       |       |       ||     1
Dodge: Dodged            |    42 |    41 |    66 |   113 |   166 |   256 ||   684
Block: Buckler           |       |     5 |     3 |       |       |       ||     8
       Large shield      |       |       |   208 |   639 |   699 |  1119 ||  2665
